Match 43019519
Unlisted

Match 43019519
End
Panzerpioneer Squad
Panzerpioneer Squad
250 Light Carrier
Panzergrenadier Squad
Construct Light Support Kompanie
Combat Half-tracks
Selects Armored Support Battlegroup
Selects Superior Fire Drills
Panzergrenadier Squad
Fire Support Elements
Pak 38 Mechanized Group
Flakvierling Half-track
Vehicle Survival Package
Panzerjäger Squad
Veteran Squad Leaders
2.5-tonne Medical Truck
Construct Panzerarmee Kommand
Walking Stuka Rocket Launcher
Selects Salvage Kits
Selects Panzer Storm
Panzer III L Medium Tank
Panzer III L Medium Tank
Selects Stuka Dive Bomb
Emergency Repair Kits
Stuka Dive Bomb
xizi20
Monsieur Nathan
0
0

Comments sign in to comment!

No comments posted yet!